Map: Terraform LE (Void)

Players

Spyra - Winner!

  • Race: Zerg Zerg
  • League: Silver

Toons

  • Race: Zerg Zerg
  • League: Silver

VOD

Have the link to the VOD?

Description

Time

  • Played on: Aug. 2, 2015, 5:02 a.m.
  • Length: 4:18
Show
View Real Time Build Order
Export as new Build Order

Spyra Zerg - Winner!

Build Orders: Pool First 

Get SALT Encoding   

  12  0:01  Drone  
  13  0:13  Overlord  
  13  0:18  Drone  
  14  0:32  Drone  
  15  0:39  Spawning Pool  
  14  0:44  Extractor  
  14  0:45  Drone  
  14  0:48  Drone  
  15  0:53  Drone  
  16  0:58  Drone  
  17  1:18  Overlord  
  17  1:28  Queen  
  19  1:40  Zergling x6  
  22  1:52  Hatchery  
  21  1:58  Metabolic Boost  
  21  2:06  Drone  
  21  2:08  Drone  
  23  2:21  Zergling x2  
  24  2:31  Zergling x2  
  24  2:35  Overlord  
  24  2:36  Zergling x2  
  24  2:37  Zergling x4  
  28  2:48  Overlord  
  28  2:49  Zergling x2  
  27  3:07  Drone x2  
  27  3:10  Zergling x8  
  33  3:22  Drone x2  
  35  3:32  Queen  
  37  3:35  Drone x2  
  37  3:36  Drone  
  37  3:41  Extractor  
  39  3:51  Roach Warren  
  39  3:54  Drone x2  
  39  3:55  Drone  
  41  3:58  Drone  
  42  4:05  Drone  
Show
View Real Time Build Order
Export as new Build Order

Toons Zerg 

Build Orders: Pool First 

Get SALT Encoding   

  12  0:01  Drone  
  13  0:10  Drone  
  14  0:17  Overlord  
  14  0:27  Extractor  
  14  0:28  Drone  
  15  0:36  Drone x2  
  17  0:46  Spawning Pool  
  16  0:50  Drone  
  17  0:58  Extractor  
  17  1:00  Drone  
  17  1:08  Drone  
  18  1:18  Drone  
  19  1:27  Overlord  
  19  1:34  Queen  
  21  1:44  Hatchery  
  21  1:46  Zergling x2  
  21  1:52  Drone  
  22  1:54  Extractor  
  21  2:03  Metabolic Boost  
  21  2:14  Drone x2  
  23  2:29  Roach Warren  
  22  2:30  Drone  
  23  2:40  Queen  
  25  2:45  Zergling x2  
  25  2:46  Zergling x4  
  28  2:55  Spine Crawler  
  26  3:06  Spine Crawler  
  26  3:09  Drone x2  
  27  3:16  Drone  
  28  3:35  Zergling x4  
  28  3:37  Overlord x2  
Tags
 
Add a new tag
Caveats
  • Supply blocks, unpowered buildings, or Contaminate may cause inaccurate times.
  • Supply counts are checked every 10 seconds.